 Dungeon Crawl Stone Soup version 0.21.1-1-g345015fe64 (webtiles) character file.

91 McKennaii the Vexing (level 4, -2/34 HPs)
             Began as a Gnoll Arcane Marksman on Mar 21, 2018.
             Slain by Dommiel19's ghost (3 damage)
             ... on level 3 of the Dungeon.
             The game lasted 00:04:37 (2532 turns).

McKennaii the Vexing (Gnoll Arcane Marksman)        Turns: 2532, Time: 00:04:37

Health: -2/34      AC:  4    Str: 12    XL:     4   Next: 59%
Magic:  8/8        EV: 15    Int: 15    God:
Gold:   166        SH:  0    Dex: 19    Spells: 6/9 levels left

rFire    . . .     SeeInvis .   v - +1 dagger (drain)
rCold    . . .     Gourm    .   (no shield)
rNeg     . . .     Faith    .   e - +0 robe
rPois    .         Spirit   .   (no helmet)
rElec    .         Reflect  .   s - +0 cloak
rCorr    .         Harm     .   p - +0 pair of gloves
MR       .....                  (no boots)
Stlth    ++........             (no amulet)
HPRegen  0.11/turn              g - ring of wizardry
MPRegen  0.11/turn              r - +2 ring of dexterity

@: no status effects
A: distributed training, fangs 1, strong nose
a: no special abilities


You were on level 3 of the Dungeon.
You were very hungry.

You visited 1 branch of the dungeon, and saw 3 of its levels.

You collected 166 gold pieces.

Inventory:

Hand Weapons
 a - a +0 shortbow
 v - a +1 dagger of draining (weapon)
Missiles
 d - 30 arrows
Armour
 e - a +0 robe (worn)
 p - a +0 pair of gloves (worn)
 s - a +0 cloak (worn)
Jewellery
 g - a ring of wizardry (left hand)
 r - a +2 ring of dexterity (right hand)
Scrolls
 b - a scroll of enchant weapon {unknown}
 h - 5 scrolls of identify
 i - a scroll of amnesia {unknown}
 l - 2 scrolls of fear
 m - a scroll of remove curse
 q - a scroll of enchant armour {unknown}
 t - a scroll of teleportation {unknown}
Potions
 j - a potion of mutation
 o - a potion of flight {unknown}
 u - a potion of curing {unknown}
 w - a potion of degeneration {unknown}
Books
 c - a book of Debilitation

   Spells                             Type                      Level
   a - Corona                         Hexes                        1
   b - Slow                           Hexes                        2
   c - Inner Flame                    Hexes/Fire                   3
   d - Portal Projectile              Hexes/Translocation          3
   e - Cause Fear                     Hexes                        4
   f - Leda's Liquefaction            Hexes/Earth                  4
Comestibles
 f - 5 rations


   Skills:
 + Level 2.7 Fighting
 + Level 1.1 Short Blades
 + Level 1.1 Long Blades
 + Level 1.1 Axes
 + Level 1.1 Maces & Flails
 + Level 1.1 Polearms
 + Level 1.1 Staves
 + Level 1.1 Slings
 + Level 4.6 Bows
 + Level 1.1 Crossbows
 + Level 1.1 Throwing
 + Level 1.1 Armour
 + Level 4.6 Dodging
 + Level 1.1 Stealth
 + Level 1.1 Shields
 + Level 1.1 Unarmed Combat
 + Level 3.0 Spellcasting
 + Level 0.9 Conjurations
 + Level 5.4 Hexes
 + Level 0.9 Charms
 + Level 0.9 Summonings
 + Level 0.9 Necromancy
 + Level 0.9 Translocations
 + Level 0.9 Transmutations
 + Level 0.9 Fire Magic
 + Level 0.9 Ice Magic
 + Level 0.9 Air Magic
 + Level 0.9 Earth Magic
 + Level 0.9 Poison Magic
 + Level 1.2 Invocations
 + Level 1.1 Evocations


You had 6 spell levels left.
You knew the following spells:

 Your Spells              Type           Power        Failure   Level  Hunger
a - Corona                Hex            ###....      1%          1    #......
b - Slow                  Hex            ###.....     1%          2    ##.....


Dungeon Overview and Level Annotations

Branches:
Dungeon (3/15)

Altars:
Makhleb

Annotations:
D:3 Dommiel19's ghost, amateur FoFi


Innate Abilities, Weirdness & Mutations

Your experience applies equally to all skills.
You have very sharp teeth.
Your uncanny sense of smell can sniff out nearby items.


Message History

v - a +1 dagger of draining (weapon)
You hit Dommiel19's ghost but do no damage.
Your bite misses Dommiel19's ghost.
Dommiel19's ghost is lightly damaged.
Dommiel19's ghost hits you!!
Ouch! That really hurt!
You hit Dommiel19's ghost but do no damage.
Dommiel19's ghost is lightly damaged.
Dommiel19's ghost hits you!
* * * LOW HITPOINT WARNING * * *
It was a potion of brilliance.
You feel clever all of a sudden. Dommiel19's ghost hits you.
* * * LOW HITPOINT WARNING * * *
It was a potion of cancellation.
Your magical effects are unravelling.
You feel magically purged.
You feel a little less clever now. Dommiel19's ghost hits you.
You die...

###### # . ..#
#..####.#
.....##.########
#..#.....(.....######
#..####(######.W@...#
........# ######.#
######### #.# ......#
##### #.#
##.##.#######...###.#
......#...(.#.......#
...##.#.....#<..#####
....#.#...(.##.##
....#.#.....##.####


You could see Dommiel19's ghost.

Vanquished Creatures
  2 adders (D:3)
  An ooze (D:1)
  2 worms
  3 dart slugs
  3 leopard geckos
  11 bats
  3 giant cockroaches
  4 goblins
  6 hobgoblins
  4 jackals (D:3)
  3 kobolds (D:3)
  A ball python (D:2)
  2 frilled lizards
  9 rats
54 creatures vanquished.

Notes
Turn   | Place    | Note
-------+----------+-------------------------------------------
     0 | D:1      | McKennaii the Gnoll Arcane Marksman began the quest for the Orb.
     0 | D:1      | Reached XP level 1. HP: 17/17 MP: 4/4
   155 | D:1      | Reached XP level 2. HP: 23/23 MP: 5/5
   320 | D:1      | Learned a level 2 spell: Slow
   607 | D:1      | Reached XP level 3. HP: 22/28 MP: 7/7
  1278 | D:2      | Reached skill level 1 in Invocations
  1590 | D:2      | Found a faded altar of an unknown god.
  1804 | D:3      | Reached skill level 1 in Short Blades
  1804 | D:3      | Reached skill level 1 in Long Blades
  1804 | D:3      | Reached skill level 1 in Axes
  1804 | D:3      | Reached skill level 1 in Maces & Flails
  1804 | D:3      | Reached skill level 1 in Polearms
  1804 | D:3      | Reached skill level 1 in Staves
  1804 | D:3      | Reached skill level 1 in Slings
  1804 | D:3      | Reached skill level 1 in Crossbows
  1804 | D:3      | Reached skill level 1 in Throwing
  1804 | D:3      | Reached skill level 1 in Armour
  1804 | D:3      | Reached skill level 1 in Stealth
  1804 | D:3      | Reached skill level 1 in Shields
  1804 | D:3      | Reached skill level 1 in Unarmed Combat
  1804 | D:3      | Reached skill level 1 in Evocations
  1804 | D:3      | Reached XP level 4. HP: 18/34 MP: 8/8
  2219 | D:3      | Found a burning altar of Makhleb.
  2448 | D:3      | Noticed Dommiel19's ghost (amateur FoFi)
  2531 | D:3      | HP: 1/34 [Dommiel19's ghost (6)]
  2532 | D:3      | Slain by Dommiel19's ghost

Skill      XL: |  1  2  3  4 |
---------------+-------------+-----
Invocations    | 1 |  1.2
Short Blades   | 1 |  1.1
Long Blades    | 1 |  1.1
Axes           | 1 |  1.1
Maces & Flails | 1 |  1.1
Polearms       | 1 |  1.1
Staves         | 1 |  1.1
Slings         | 1 |  1.1
Crossbows      | 1 |  1.1
Throwing       | 1 |  1.1
Armour         | 1 |  1.1
Stealth        | 1 |  1.1
Shields        | 1 |  1.1
Unarmed Combat | 1 |  1.1
Evocations     | 1 |  1.1
Spellcasting   | 3 |  3.0
Fighting       | |  2.7
Bows           | |  4.6
Dodging        | |  4.6
Conjurations   | |  0.9
Hexes          | |  5.4
Charms         | |  0.9
Summonings     | |  0.9
Necromancy     | |  0.9
Translocations | |  0.9
Transmutations | |  0.9
Fire Magic     | |  0.9
Ice Magic      | |  0.9
Air Magic      | |  0.9
Earth Magic    | |  0.9
Poison Magic   | |  0.9

Action                   |  1- 3 |  4- 6 || total
-------------------------+-------+-------++-------
Melee: Unarmed           |   105 |    14 ||   119
       Bite              |    10 |     2 ||    12
       Dagger            |       |     8 ||     8
       Whip              |       |     5 ||     5
 Fire: Shortbow          |    37 |    28 ||    65
  Use: Scroll            |       |     3 ||     3
       Potion            |       |     2 ||     2
 Stab: Sleeping          |     5 |     4 ||     9
  Eat: Chunk             |     2 |     2 ||     4
Armor: Robe              |    25 |     8 ||    33
Dodge: Dodged            |   100 |    31 ||   131
